 Dungeon Crawl Stone Soup version 0.16.0-6-gad6103a (console) character file.

7 gw the Charmwright (level 1, -2/17 HPs)
             Began as a Demigod Skald on Mar 15, 2015.
             Slain by a gnoll
             ... wielding a +0 spear
              (3 damage)
             ... on level 1 of the Dungeon.
             The game lasted 00:00:18 (318 turns).

gw the Charmwright (Demigod Skald)                   Turns: 318, Time: 00:00:18

Health: -2/17      AC:  6    Str: 15    XL:     1   Next: 73%
Magic:  1/4        EV: 11    Int: 16    God:
Gold:   0          SH:  0    Dex: 15    Spells: 1 memorised, 3 levels left

rFire  . . .     SeeInvis .     a - +0 spear
rCold  . . .     Clarity  .     f - +0 leather armour
rNeg   . . .     SustAb   +     (no shield)
rPois  .         Gourm    .     (no helmet)
rElec  .         Spirit   .     e - +2 cloak
rCorr  .         Warding  .     (no gloves)
rMut   .         Stasis   .     (no boots)
MR     .....                    (no amulet)
Stlth  +.........               (no ring)
                                (no ring)

@: infused, not resistant to hostile enchantments, very unstealthy
A: sustain abilities
a: no special abilities


You were on level 1 of the Dungeon.
You were not hungry.

You visited 1 branch of the dungeon, and saw 1 of its levels.

Inventory:

Hand weapons
 a - a +0 spear (weapon)
 b - a +0 hunting sling
Armour
 e - a +2 cloak (worn)
 f - a +0 leather armour (worn)
Books
 c - a book of Battle

   Spells                             Type                      Level
   a - Infusion                       Charms                       1
   b - Shroud of Golubria             Charms/Translocation         2
   c - Song of Slaying                Charms                       2
   d - Spectral Weapon                Hexes/Charms                 3
   e - Regeneration                   Charms/Necromancy            3
Comestibles
 d - a bread ration


   Skills:
 + Level 1.9 Fighting
 + Level 1.7 Polearms
 + Level 1.0 Armour
 - Level 0.8 Dodging
 * Level 2.0 Spellcasting
 + Level 2.8 Charms


You had 3 spell levels left.
You knew the following spells:

 Your Spells              Type           Power        Failure   Level  Hunger
a - Infusion              Chrm           ##....       10%         1    #......


Dungeon Overview and Level Annotations

Branches:
Dungeon (1/15)


Innate Abilities, Weirdness & Mutations

Your attributes are resistant to harm.


Message History

Unknown command.
Unknown command.
Unknown command.
ATTACK MOVE TO (1,0)
You hit the gnoll but do no damage. The gnoll hits you with a spear.
Unknown command.
Unknown command.
Unknown command.
Unknown command.
ATTACK MOVE TO (1,0)
You hit the gnoll but do no damage. The gnoll hits you but does no damage.
Unknown command.
Unknown command.
Unknown command.
Unknown command.
ATTACK MOVE TO (1,0)
You hit the gnoll.
The gnoll is heavily wounded.
The gnoll hits you with a spear.
You die...

######....#######. #
#....# .... #....# ....#
#....# ....+ #....# ....#
#....# ####....#
######....# #.....#
#......########...##.##
###.####....))..pg%.....#
.........#####..###.###.#
########## #..# .?. ...
#..# g..# # .... >....
.##.#. ...#.. #.
#.#.....#. # ..# #.###
#.. .


You could see a gnoll.

Table legend:
 A = Turns spent in this place as a percentage of turns spent in the entire game.
 B = Non-inter-level travel turns spent in this place as a percentage of non-inter-level travel turns spent in the entire game.
 C = Inter-level travel turns spent in this place as a percentage of turns spent in this place.
 D = Turns resting spent in this place as a percentage of non-inter-level travel turns spent in this place.
 E = Turns spent auto-exploring this place as a percentage of non-inter-level travel turns spent in this place.
 F = Non-inter-level travel turns spent in this place divided by the number of levels of this place that you've seen.
                   A       B       C       D       E      F
               +-------+-------+-------+-------+-------+----------------------
         Total | 100.0 | 100.0 |   0.0 |   2.7 |   1.3 | 445.0
       Dungeon | 100.0 | 100.0 |   0.0 |   2.7 |   1.3 | 445.0
               +-------+-------+-------+-------+-------+----------------------

Table legend:
 A = Kills in this place as a percentage of kills in entire the game.
 B = Kills by you in this place as a percentage of kills by you in the entire game.
 C = Kills by friends in this place as a percentage of kills by friends in the entire game.
 D = Other kills in this place as a percentage of other kills in the entire game.
 E = Experience gained in this place as a percentage of experience gained in the entire game.
 F = Experience gained in this place divided by the number of levels of this place that you have seen.
                   A       B       C       D       E      F
               +-------+-------+-------+-------+-------+----------------------
         Total | 100.0 | 100.0 |  -nan |  -nan | 100.0 |  11.0
       Dungeon | 100.0 | 100.0 |  -nan |  -nan | 100.0 |  11.0
               +-------+-------+-------+-------+-------+----------------------

Vanquished Creatures
  A goblin (D:1)
  A hobgoblin (D:1)
  2 kobolds (D:1)
  A bat (D:1)
  2 giant newts (D:1)
7 creatures vanquished.

Notes
Turn   | Place    | Note
--------------------------------------------------------------
     0 | D:1      | gw, the Demigod Skald, began the quest for the Orb.
     0 | D:1      | Reached XP level 1. HP: 17/17 MP: 3/3
   213 | D:1      | Reached skill level 1 in Armour
   318 | D:1      | Slain by a gnoll

Action                   || total
-------------------------++-------
Melee: Spear             ||    31
 Cast: Infusion          ||     5

Vault maps used:
D:1:      dpeg_arrival_chambers_temple_mockup, serial_co_window_serial,
          co_window_paths_a, co_window_of_opportunity_a, co_window_corner_a,
          co_window_paths_b, co_window_of_opportunity_a, co_window_cross_4,
          co_window_2corner, co_window_corner_b, co_window_2corner,
          co_window_paths_e, glass_columns_b, glass_columns_a, glass_columns_c,
          st_stairs_3, minmay_misc_feat_enclosed, minivault_24
